 Dungeon Crawl Stone Soup version 0.29.1-15-g9cfb28693d (webtiles) character file.

Game seed: 13367791329144112077

3010 croobank the Covert (level 9, -6/62 HPs)
             Began as an Octopode Delver on Mar 11, 2023.
             Mangled by an acid dragon (8 damage)
             ... on level 9 of the Dungeon.
             The game lasted 00:18:34 (9014 turns).

croobank the Covert (Octopode Delver)               Turns: 9014, Time: 00:18:35

Health: -6/62      AC:  1    Str: 14    XL:     9   Next: 84%
Magic:  0/26       EV: 15    Int: 22    God:
Gold:   525        SH:  0    Dex: 13    Spells: 14/18 levels left

rFire   . . .      SeeInvis +   b - +6 sling "Oneonu" {freeze, rPois Str-5 Int+5}
rCold   . . .      Faith    .   (no shield)
rNeg    . . .      Spirit   +   (helmet restricted)
rPois   +          Reflect  .   t - amulet of guardian spirit
rElec   +          Harm     .   n - ring of resist corrosion
rCorr   +          Rampage  .   s - +6 ring of strength
Will    .....                   B - ring of wizardry
Stlth   +++++.....              d - ring "Leqerapi" {rElec MP+9 Str+2 SInv}
HPRegen 0.20/turn               C - ring of wizardry
MPRegen 0.20/turn               (no ring)
                                (no ring)
                                (no ring)

@: no status effects
A: almost no armour, amphibious, 8 rings, camouflage 1, gelatinous body 1,
(nimble swimmer 1), tentacles
a: no special abilities


You were on level 9 of the Dungeon.
You visited 2 branches of the dungeon, and saw 10 of its levels.

You collected 525 gold pieces.

Inventory:

Hand Weapons
 a - the +10 hand axe "Rerch" {protect, Fly}
   (You found it on level 7 of the Dungeon)

   It grants its wielder temporary protection when it strikes (+7 to AC).
   Fly:       It grants you flight.
 b - the +6 sling "Oneonu" (weapon) {freeze, rPois Str-5 Int+5}
   (You found it on level 6 of the Dungeon)

   Any ammunition fired from it freezes those it strikes, dealing additional
   cold damage.
   It can also slow down cold-blooded creatures.
   Str:       It affects your strength (-5).
   Int:       It affects your intelligence (+5).
   rPois:     It protects you from poison.
 g - a +4 dagger of speed
 h - a +0 short sword
 i - a +2 whip of flaming
 l - a +0 long sword
 u - a +2 dagger of freezing
 G - a +0 trident
 N - a +2 dagger of venom
Missiles
 r - 2 throwing nets
Magical Staves
 y - a staff of death
 M - a staff of poison
Jewellery
 d - the ring "Leqerapi" (on tentacle) {rElec MP+9 Str+2 SInv}
   (You acquired it on level 7 of the Dungeon)

   [ring of see invisible]

   Str:       It affects your strength (+2).
   rElec:     It insulates you from electricity.
   MP:        It affects your magic capacity (+9).
   SInv:      It lets you see invisible.
 j - a ring of fire
 n - a ring of resist corrosion (left tentacle)
 s - a +6 ring of strength (right tentacle)
 t - an amulet of guardian spirit (around mantle)
 A - a ring of ice
 B - a ring of wizardry (on tentacle)
 C - a ring of wizardry (on tentacle)
 D - a ring of fire
Wands
 f - a wand of digging (15)
 x - a wand of mindburst (10)
 H - a wand of polymorph (4)
Scrolls
 c - 3 scrolls of magic mapping
 k - 4 scrolls of teleportation
 E - a scroll of fog
 F - a scroll of torment
 I - a scroll of noise {unknown}
 J - a scroll of summoning
 K - a scroll of enchant armour {unknown}
 L - a scroll of identify
 P - a scroll of enchant weapon
Potions
 e - a potion of haste
 m - 2 potions of might
 o - 3 potions of curing
 p - 3 potions of lignification
 q - 2 potions of resistance
 v - a potion of cancellation
 w - a potion of degeneration
 z - 2 potions of brilliance
 O - a potion of ambrosia {unknown}


   Skills:
 + Level 5.9 Fighting
 + Level 5.5 Axes
 + Level 5.4 Dodging
 + Level 9.9 Stealth
 + Level 5.3 Spellcasting
 + Level 4.0 Hexes
 + Level 3.8 Transmutations


You had 14 spell levels left.
You knew the following spells:

 Your Spells              Type           Power      Damage    Failure   Level
a - Slow                  Hex            92%        N/A       1%          1
b - Beastly Appendage     Tmut           44%        N/A       1%          1
c - Wereblood             Tmut           22%        N/A       1%          2

Your spell library contained the following spells:

 Spells                   Type           Power      Damage    Failure   Level
 Confusing Touch          Hex            23%        N/A       1%          3
 Magic Dart               Conj           20%        1d4       2%          1
 Portal Projectile        Hex/Tloc       28%        N/A       3%          3
 Call Imp                 Summ           5%         N/A       4%          2
 Poisonous Vapours        Pois/Air       10%        N/A       4%          2
 Spider Form              Tmut/Pois      14%        N/A       4%          3
 Call Canine Familiar     Summ           5%         N/A       8%          3
 Mephitic Cloud           Conj/Pois/Air  5%         N/A       8%          3
 Vampiric Draining        Necr           5%         2d6       8%          3
 Leda's Liquefaction      Hex/Erth       7%         N/A       11%         4
 Corpse Rot               Necr/Pois/Air  5%         N/A       24%         4


Dungeon Overview and Level Annotations

Branches:
Dungeon (9/15)             Temple (1/1) D:5
   Lair: D:8-11         Orc: D:9-12

Altars:
Ashenzari
Cheibriados
Dithmenos
Fedhas
Kikubaaqudgha
Makhleb
Nemelex Xobeh
Qazlal
Ru
Trog
Uskayaw
Vehumet
Wu Jian
Xom
Yredelemnul
Zin
The Shining One

Shops:
D:6 (


Innate Abilities, Weirdness & Mutations

You cannot wear most types of armour.
You are amphibious.
You can wear up to eight rings at the same time.
Your skin changes colour to match your surroundings (Stealth+).
Your rubbery body absorbs attacks. (AC +1, EV +1)
((You are camouflaged when in or above water. (Stealth+)))
You have tentacles for arms and can constrict up to eight enemies at once.


Message History

Where to? (Enter - D:8, ? - help)
There is a stone staircase leading down here.
You climb downwards.
Found a potion of heal wounds and 11 gold pieces.
There is a stone staircase leading up here.
An acid dragon is nearby!
You shoot a sling bullet. The sling bullet hits the acid dragon.
The sling bullet freezes the acid dragon.
The acid dragon roars!
The acid dragon is lightly wounded.
You hear an angry buzzing noise.
You hear a shout!
You shoot a sling bullet. The sling bullet hits the acid dragon.
The sling bullet freezes the acid dragon.
The acid dragon is moderately wounded.
A hornet comes into view.
You shoot a sling bullet.
The sling bullet barely misses the acid dragon.
The acid dragon bites you! The acid dragon misses you.
You shoot a sling bullet. The sling bullet hits the acid dragon.
The sling bullet freezes the acid dragon.
The acid dragon is severely wounded.
You hear a shout!
The hornet stings you!
You feel yourself slow down. The acid dragon bites you!
The acid dragon barely misses you. The hornet stings you!
Aiming: Mindburst
Press: ? - help, Shift-Dir - straight line, f - hornet, p - acid dragon
Aim: a hornet (chance to affect: 55%)
The hornet's mind is blasted!
The hornet closely misses you. The acid dragon bites you!
The acid dragon claws you. The hornet stings you!
* * * LOW HITPOINT WARNING * * *
The acid dragon barely misses you. The acid dragon misses you.
As you read the scroll of summoning, it crumbles to dust.
Wisps of shadow whirl around you...
You feel yourself speed up. The hornet stings you!
* * * LOW HITPOINT WARNING * * *
The hornet stings you!
* * * LOW HITPOINT WARNING * * *
The acid dragon bites you!
You die... ..$ !. .. #. #.### #.W.# #...# #..@# #cyD#

#...#
.....#
##....#
#....#
#.##..
#. ...


You could see a hornet (ally target), an acid dragon, a friendly wraith
(summoned) and a friendly centaur (summoned).

Vanquished Creatures
  Psyche (D:8)
  Menkaure (D:7)
  A steam dragon (D:8)
  Duvessa (D:7)
  An acid dragon (D:8)
  An orc warrior (D:7)
  A sky beast (D:7)
  2 black bears (D:4)
  2 ogres
  A centaur (D:7)
  3 phantoms
  2 kobold brigands
  2 bullfrogs
  2 scorpions
  Dowan (D:7)
  A howler monkey (D:7)
  3 hounds
  6 jellies
  2 gnoll boudas
  Jessica (D:3)
  4 orc wizards
  13 gnolls
  9 adders
  A shadow imp (D:6)
  2 white imps (D:6)
  2 ufetubi (D:5)
  2 worms (D:2)
  4 dart slugs
  14 orcs
  4 endoplasms
  6 giant cockroaches
  8 goblins
  5 hobgoblins
  2 jackals (D:4)
  16 kobolds
  4 quokkas
  8 ball pythons
  2 bats
  3 frilled lizards
  2 rats (D:2)
146 creatures vanquished.

Vanquished Creatures (collateral kills)
  A hornet (D:7)
1 creature vanquished.

Grand Total: 147 creatures vanquished

Notes
Turn   | Place    | Note
-------+----------+-------------------------------------------
     0 | D:5      | croobank the Octopode Delver began the quest for the Orb.
     0 | D:5      | Reached XP level 1. HP: 16/16 MP: 1/1
     1 | D:6      | Noticed a scorpion
     1 | D:6      | Found Umyon's Weapon Emporium.
    35 | D:5      | Reached XP level 2. HP: 18/21 MP: 2/2
   501 | D:2      | Reached XP level 3. HP: 24/26 MP: 3/3
   554 | D:2      | Reached skill level 7 in Stealth
   769 | D:3      | Noticed Jessica
   776 | D:3      | Killed Jessica
   777 | D:3      | Reached XP level 4. HP: 21/31 MP: 4/4
  1294 | D:1      | Found a faded altar of an unknown god.
  2822 | D:4      | Reached XP level 5. HP: 36/37 MP: 5/5
  2929 | D:4      | Noticed a black bear
  3024 | D:4      | Noticed a black bear
  3034 | D:4      | Killed a black bear
  3035 | D:4      | Reached XP level 6. HP: 43/43 MP: 6/6
  3050 | D:4      | Found an ancient bone altar of Kikubaaqudgha.
  3210 | D:4      | Identified the +5 scale mail of Coalo {Drain rPois Str+6}
  3272 | D:4      | Learned a level 1 spell: Slow
  3794 | D:4      | Reached skill level 8 in Stealth
  3794 | D:4      | Reached skill level 1 in Spellcasting
  3915 | D:4      | Killed a black bear
  3916 | D:4      | Reached XP level 7. HP: 43/49 MP: 7/9
  4083 | D:5      | Reached skill level 1 in Hexes
  4159 | D:5      | Found a staircase to the Ecumenical Temple.
  4246 | Temple   | Entered the Ecumenical Temple
  4817 | D:6      | Learned a level 1 spell: Beastly Appendage
  4820 | D:6      | Learned a level 2 spell: Wereblood
  5093 | D:6      | Identified the +6 sling "Oneonu" {freeze, rPois Str-5
                  | Int+5}
  5239 | D:6      | Reached skill level 1 in Transmutations
  5250 | D:6      | Found an ornate altar of the Wu Jian Council.
  5877 | D:6      | Reached XP level 8. HP: 54/54 MP: 12/12
  5885 | D:6      | Found a shadowy altar of Dithmenos.
  6481 | D:7      | Noticed Menkaure
  6488 | D:7      | Killed Menkaure
  6489 | D:7      | Reached skill level 5 in Fighting
  6746 | D:7      | Reached skill level 9 in Stealth
  6858 | D:7      | Identified the +10 hand axe "Rerch" {protect, Fly}
  6861 | D:7      | Noticed Duvessa
  6863 | D:7      | Noticed Dowan
  6869 | D:7      | Killed Duvessa
  6874 | D:7      | Reached XP level 9. HP: 20/61 MP: 4/15
  7163 | D:7      | Killed Dowan
  7297 | D:7      | Reached skill level 5 in Axes
  7393 | D:7      | Found a basalt altar of Yredelemnul.
  7447 | D:7      | Noticed a hornet
  7452 | D:7      | Paralysed by a hornet for 2 turns
  7459 | D:7      | HP: 2/61 [orc/+0 trident (5)]
  7463 | D:7      | Killed a hornet
  7464 | D:7      | Reached skill level 5 in Dodging
  7839 | D:7      | Found a snail-covered altar of Cheibriados.
  8102 | D:7      | Identified a scroll of acquirement
  8102 | D:7      | Acquired the ring "Leqerapi" {rElec MP+9 Str+2 SInv}
  8181 | D:8      | Noticed Psyche
  8188 | D:8      | Killed Psyche
  8189 | D:8      | Reached skill level 5 in Spellcasting
  9010 | D:9      | Noticed a hornet
  9014 | D:9      | HP: 2/62 [hornet (8)]
  9014 | D:9      | Mangled by an acid dragon

Illustrated notes

Levels and vault maps discovered:
D:1:      matt_arrival_refuge, layout_rooms, nicolae_ecumenical_lake_church
D:2:      layout_rooms
D:3:      layout_basic, eino_tiny_chamber, uniq_jessica
D:4:      layout_basic, mainiacjoe_overflow_24_doors
D:5:      layout_loops_cross, minmay_temple_entry_offerings
D:6:      layout_layer_cave, grunt_dithmenos_shadows,
          nicolae_wu_jian_wuxing_cycle, serial_shops, shop
D:7:      layout_rooms, marbit_many_paths, kennysheep_mini_moat, uniq_duvessa,
          uniq_menkaure
D:8:      layout_loops_ring, bh_walls_and_bars, uniq_psyche
D:9:      layout_rooms, grunt_temple_overflow_cloverleaf, gammafunk_ghost_grave,
          uniq_harold
Temple:   nicolae_temple_godzebo

Skill      XL: |  1  2  3  4  5  6  7  8  9 |
---------------+----------------------------+-----
Stealth        | 7 8 9 |  9.9
Axes           | 3 4 5 |  5.5
Dodging        | 3 4 5 |  5.4
Fighting       | 4 5 |  5.9
Spellcasting   | 1 2 4 5 |  5.3
Hexes          | 2 4 |  4.0
Transmutations | 1 2 3 |  3.8

Action                   |  1- 3 |  4- 6 |  7- 9 || total
-------------------------+-------+-------+-------++-------
Melee: Hand axe          |     9 |       |    42 ||    51
       Constrict         |     9 |    26 |    16 ||    51
       Tentacles         |     6 |    23 |    11 ||    40
       Dagger            |    25 |   103 |    29 ||   157
       Punch             |     1 |     2 |     2 ||     5
       Kick              |       |       |     3 ||     3
 Fire: Sling             |       |       |   126 ||   126
 Cast: Slow              |       |     1 |     3 ||     4
       Beastly Appendage |       |       |     2 ||     2
       Wereblood         |       |       |     2 ||     2
Evoke: Wand              |       |       |     1 ||     1
  Use: Scroll            |       |    10 |    10 ||    20
       Potion            |       |       |     4 ||     4
 Stab: Sleeping          |     7 |    25 |     8 ||    40
       Distracted        |     1 |       |       ||     1
Armor: Skin              |       |     5 |     8 ||    13
Dodge: Dodged            |    26 |    58 |    91 ||   175
